[ PARTIDA AOE2 · #480176637 ]
Team RMSicilianos vs Bulgarians
[ ANÁLISIS DE REPETICIÓN · EXTRAÍDO DE LA PARTIDA GRABADA ]
Feudal
13:42
Castillos
27:53
Imperial
45:04
| APM promedio | 14.2 |
| APM pico | 38 |
| eAPM promedio | 7.0 |
| Aldeanos / militares | 58 / 140 |
Foco
⚔️ 30.5% · 🌾 69.5%
Serjeant ×73 · Spearman ×64 · Trebuchet (Packed) ×3 · Trade Cart ×2
Feudal
11:05
Castillos
19:03
Imperial
41:04
| APM promedio | 17.6 |
| APM pico | 43 |
| eAPM promedio | 10.6 |
| Aldeanos / militares | 83 / 152 |
Foco
⚔️ 31.1% · 🌾 68.9%
Chakram Thrower ×90 · Camel Scout ×53 · Trade Cart ×19 · Trebuchet (Packed) ×6 · Armored Elephant ×2 · Monk ×1
Feudal
12:15
Castillos
21:44
Imperial
—
| APM promedio | 9.8 |
| APM pico | 28 |
| eAPM promedio | 7.3 |
| Aldeanos / militares | 63 / 0 |
Foco
⚔️ 41.5% · 🌾 58.5%
Unknown (1968) ×124 · Trade Cart ×7
Feudal
12:45
Castillos
30:28
Imperial
49:42
| APM promedio | 15.4 |
| APM pico | 49 |
| eAPM promedio | 11.6 |
| Aldeanos / militares | 106 / 18 |
Foco
⚔️ 48.2% · 🌾 51.8%
Militia ×11 · Konnik ×5 · Trade Cart ×3 · Spearman ×2
Feudal
13:30
Castillos
31:45
Imperial
41:18
| APM promedio | 8.2 |
| APM pico | 25 |
| eAPM promedio | 5.6 |
| Aldeanos / militares | 51 / 71 |
Foco
⚔️ 40.4% · 🌾 59.6%
Scout Cavalry ×22 · Knight ×20 · Spearman ×14 · Conquistador ×11 · Trade Cart ×9 · Mangonel ×2
Feudal
—
Castillos
—
Imperial
—
| APM promedio | 9.7 |
| APM pico | 60 |
| eAPM promedio | 5.2 |
| Aldeanos / militares | 68 / 233 |
Foco
⚔️ 38.6% · 🌾 61.4%
Militia ×158 · Scorpion ×65 · Spearman ×10
Mapa de la partida
Recursos al inicio + cada clic de construcción. Línea gruesa = muro · recuadro discontinuo = muro de casas detectado. 🟡 oro · ⚪ piedra · 🟢 bayas · 🔶 jabalí · ⭕ reliquia
Inputs por minuto
— Vedro - - s2e1
Build order — Vedro
Primeras 150 de 209 acciones detectadas
| 0:03 | Crear | Villager (Male) |
| 0:04 | Crear | Villager (Male) |
| 0:04 | Crear | Villager (Male) |
| 0:04 | Crear | Villager (Male) |
| 0:04 | Crear | Villager (Male) |
| 0:08 | Construir | House |
| 0:09 | Construir | House |
| 0:10 | Construir | House |
| 0:11 | Construir | House |
| 1:40 | Crear | Villager (Male) |
| 2:29 | Crear | Villager (Male) |
| 2:59 | Crear | Villager (Male) |
| 3:25 | Crear | Villager (Male) |
| 4:31 | Crear | Villager (Male) |
| 4:32 | Crear | Villager (Male) |
| 4:35 | Crear | Villager (Male) |
| 4:35 | Crear | Villager (Male) |
| 5:14 | Crear | Villager (Male) |
| 5:14 | Crear | Villager (Male) |
| 5:56 | Construir | Lumber Camp |
| 7:03 | Crear | Villager (Male) |
| 7:04 | Crear | Villager (Male) |
| 7:45 | Crear | Villager (Male) |
| 7:46 | Crear | Villager (Male) |
| 8:29 | Crear | Villager (Male) |
| 8:29 | Crear | Villager (Male) |
| 8:31 | Crear | Villager (Male) |
| 8:33 | Crear | Villager (Male) |
| 8:49 | Construir | Mining Camp |
| 9:18 | Construir | Mining Camp |
| 9:39 | Construir | Mill |
| 10:28 | Construir | Donjon |
| 10:40 | Construir | House |
| 10:41 | Construir | House |
| 10:42 | Construir | House |
| 10:44 | Construir | House |
| 11:32 | Investigar | Feudal Age |
| 11:41 | Construir | Farm |
| 11:46 | Construir | Farm |
| 12:13 | Construir | Farm |
| 12:27 | Construir | Farm |
| 12:29 | Construir | Farm |
| 12:43 | Crear | Villager (Male) |
| 12:44 | Crear | Villager (Male) |
| 13:42 | Edad | Edad Feudal |
| 13:45 | Crear | Serjeant |
| 13:45 | Crear | Serjeant |
| 13:46 | Crear | Serjeant |
| 14:03 | Construir | Market |
| 14:12 | Crear | Serjeant |
| 14:12 | Crear | Serjeant |
| 14:13 | Crear | Serjeant |
| 14:46 | Crear | Serjeant |
| 14:46 | Crear | Serjeant |
| 15:07 | Construir | Farm |
| 15:10 | Construir | Farm |
| 15:15 | Construir | Farm |
| 15:17 | Construir | Farm |
| 15:19 | Investigar | Horse Collar |
| 15:49 | Investigar | Double-Bit Axe |
| 16:32 | Crear | Spearman |
| 16:33 | Crear | Spearman |
| 16:33 | Crear | Spearman |
| 16:36 | Crear | Serjeant |
| 17:39 | Crear | Villager (Male) |
| 17:40 | Crear | Villager (Male) |
| 17:42 | Crear | Villager (Male) |
| 17:43 | Crear | Villager (Male) |
| 17:54 | Construir | Farm |
| 18:35 | Construir | Donjon |
| 18:50 | Construir | House |
| 18:51 | Construir | House |
| 18:53 | Construir | House |
| 18:54 | Construir | House |
| 18:59 | Construir | Farm |
| 19:04 | Investigar | Wheelbarrow |
| 19:22 | Crear | Serjeant |
| 19:22 | Crear | Serjeant |
| 19:22 | Crear | Serjeant |
| 20:02 | Crear | Serjeant |
| 20:03 | Crear | Serjeant |
| 21:03 | Crear | Serjeant |
| 21:03 | Crear | Serjeant |
| 22:11 | Construir | Donjon |
| 22:18 | Crear | Villager (Male) |
| 22:19 | Crear | Villager (Male) |
| 22:19 | Crear | Villager (Male) |
| 22:26 | Construir | Farm |
| 22:48 | Construir | Farm |
| 22:50 | Construir | Farm |
| 23:04 | Construir | Farm |
| 23:08 | Construir | Barracks |
| 23:11 | Construir | Archery Range |
| 23:39 | Crear | Serjeant |
| 23:39 | Crear | Serjeant |
| 23:39 | Crear | Serjeant |
| 23:39 | Crear | Serjeant |
| 23:43 | Construir | Donjon |
| 24:00 | Construir | Farm |
| 24:46 | Crear | Spearman |
| 24:47 | Crear | Spearman |
| 24:49 | Crear | Spearman |
| 24:49 | Crear | Spearman |
| 25:13 | Investigar | Castle Age |
| 25:19 | Crear | Serjeant |
| 25:19 | Crear | Serjeant |
| 25:19 | Crear | Serjeant |
| 25:21 | Crear | Serjeant |
| 25:26 | Construir | Donjon |
| 25:54 | Crear | Serjeant |
| 25:54 | Crear | Serjeant |
| 26:52 | Crear | Spearman |
| 26:52 | Crear | Spearman |
| 26:52 | Crear | Spearman |
| 26:53 | Crear | Spearman |
| 26:57 | Crear | Spearman |
| 26:57 | Crear | Spearman |
| 26:57 | Crear | Spearman |
| 27:19 | Crear | Villager (Male) |
| 27:20 | Crear | Villager (Male) |
| 27:43 | Crear | Spearman ×5 |
| 27:53 | Edad | Edad de los Castillos |
| 28:20 | Crear | Serjeant |
| 28:21 | Crear | Serjeant |
| 28:59 | Investigar | Pikeman (upgrade) |
| 29:18 | Construir | House |
| 29:19 | Construir | House |
| 29:20 | Construir | House |
| 29:21 | Construir | House |
| 29:22 | Construir | House |
| 29:22 | Construir | House |
| 29:51 | Crear | Serjeant ×2 |
| 29:53 | Crear | Spearman ×5 |
| 29:55 | Crear | Spearman ×5 |
| 30:13 | Construir | Donjon |
| 31:40 | Construir | Farm |
| 32:33 | Crear | Serjeant |
| 32:33 | Crear | Serjeant |
| 32:33 | Crear | Serjeant |
| 32:47 | Crear | Serjeant ×5 |
| 32:48 | Crear | Serjeant ×2 |
| 32:50 | Crear | Spearman ×5 |
| 32:50 | Crear | Spearman ×5 |
| 32:59 | Crear | Villager (Male) |
| 33:00 | Crear | Villager (Male) |
| 34:18 | Investigar | Bow Saw |
| 34:21 | Investigar | Heavy Plow |
| 35:45 | Construir | Castle |
| 35:54 | Crear | Spearman ×5 |
| 35:55 | Crear | Spearman ×5 |
Build order — s2e1
Primeras 150 de 315 acciones detectadas
| 0:03 | Crear | Villager (Male) |
| 0:05 | Construir | House |
| 0:07 | Construir | House |
| 0:22 | Crear | Villager (Male) |
| 0:23 | Crear | Villager (Male) |
| 0:23 | Crear | Villager (Male) |
| 1:43 | Crear | Villager (Male) |
| 1:50 | Construir | House |
| 1:56 | Construir | Lumber Camp |
| 2:04 | Crear | Villager (Male) |
| 2:28 | Crear | Villager (Male) |
| 2:55 | Crear | Villager (Male) |
| 3:20 | Crear | Villager (Male) |
| 3:51 | Crear | Villager (Male) |
| 4:24 | Crear | Villager (Male) |
| 4:26 | Crear | Villager (Male) |
| 5:07 | Crear | Villager (Male) |
| 5:17 | Crear | Villager (Male) |
| 5:48 | Crear | Villager (Male) |
| 6:03 | Construir | Mill |
| 6:23 | Construir | Mill |
| 6:34 | Crear | Villager (Male) |
| 6:48 | Construir | House |
| 6:53 | Investigar | Loom |
| 7:24 | Crear | Villager (Male) |
| 7:24 | Crear | Villager (Male) |
| 7:32 | Construir | Mining Camp |
| 7:51 | Crear | Villager (Male) |
| 8:55 | Investigar | Feudal Age |
| 9:12 | Construir | Barracks |
| 10:26 | Construir | Outpost |
| 11:05 | Edad | Edad Feudal |
| 11:08 | Crear | Villager (Male) |
| 11:09 | Investigar | Double-Bit Axe |
| 11:10 | Investigar | Horse Collar |
| 11:35 | Crear | Villager (Male) |
| 11:36 | Crear | Villager (Male) |
| 11:44 | Construir | House |
| 11:52 | Crear | Villager (Male) |
| 12:13 | Construir | House |
| 12:15 | Crear | Villager (Male) |
| 12:35 | Construir | House |
| 13:00 | Construir | House |
| 13:12 | Construir | Blacksmith |
| 13:16 | Crear | Villager (Male) |
| 13:38 | Crear | Villager (Male) |
| 13:39 | Crear | Villager (Male) |
| 13:55 | Construir | House |
| 14:05 | Construir | Lumber Camp |
| 14:07 | Crear | Villager (Male) |
| 14:43 | Construir | Stone Wall |
| 14:49 | Construir | Farm |
| 14:51 | Crear | Villager (Male) |
| 15:04 | Construir | Farm |
| 15:18 | Construir | Stable |
| 15:19 | Crear | Villager (Male) |
| 15:31 | Construir | House |
| 15:36 | Construir | Farm |
| 15:46 | Crear | Villager (Male) |
| 15:53 | Construir | Mining Camp |
| 16:06 | Construir | Building 487 |
| 16:23 | Investigar | Castle Age |
| 16:29 | Construir | Farm |
| 17:03 | Construir | Farm |
| 17:04 | Construir | Farm |
| 17:29 | Construir | Farm |
| 17:31 | Construir | Farm |
| 17:33 | Construir | Farm |
| 17:49 | Investigar | Gold Mining |
| 18:40 | Investigar | Stone Mining |
| 18:51 | Construir | Market |
| 19:03 | Edad | Edad de los Castillos |
| 19:14 | Construir | Town Center |
| 19:15 | Crear | Villager (Male) |
| 19:19 | Crear | Camel Scout |
| 19:54 | Construir | Farm |
| 20:02 | Construir | Town Center |
| 20:03 | Crear | Villager (Male) |
| 20:09 | Crear | Camel Scout |
| 20:26 | Crear | Camel Scout |
| 20:36 | Construir | Farm |
| 20:48 | Construir | Monastery |
| 20:51 | Crear | Camel Scout |
| 21:22 | Investigar | Scale Barding Armor |
| 21:32 | Crear | Villager (Male) |
| 21:32 | Crear | Villager (Male) |
| 22:17 | Investigar | Bloodlines |
| 22:25 | Construir | Farm |
| 22:28 | Crear | Monk |
| 22:36 | Construir | Farm |
| 22:38 | Investigar | Heavy Plow |
| 23:23 | Crear | Villager (Male) |
| 23:24 | Crear | Villager (Male) |
| 23:37 | Investigar | Forging |
| 23:51 | Investigar | Husbandry |
| 24:07 | Construir | Town Center |
| 24:16 | Crear | Villager (Male) |
| 24:16 | Crear | Villager (Male) |
| 24:25 | Construir | Farm |
| 24:57 | Construir | Castle |
| 24:59 | Crear | Villager (Male) |
| 24:59 | Crear | Villager (Male) |
| 24:59 | Crear | Villager (Male) |
| 26:15 | Investigar | Wheelbarrow |
| 26:16 | Crear | Villager (Male) |
| 26:16 | Crear | Villager (Male) |
| 26:17 | Crear | Villager (Male) |
| 26:17 | Crear | Villager (Male) |
| 26:25 | Crear | Trade Cart |
| 26:59 | Investigar | Chain Barding Armor |
| 28:12 | Investigar | Hand Cart |
| 28:13 | Crear | Villager (Male) |
| 28:13 | Crear | Villager (Male) |
| 28:20 | Crear | Camel Scout |
| 28:20 | Crear | Camel Scout |
| 28:21 | Crear | Camel Scout |
| 28:21 | Crear | Camel Scout |
| 29:39 | Crear | Villager (Male) |
| 29:39 | Crear | Villager (Male) |
| 29:39 | Crear | Villager (Male) |
| 30:16 | Construir | Stable |
| 30:17 | Construir | Stable |
| 30:21 | Construir | Stable |
| 30:37 | Investigar | Town Watch |
| 30:37 | Crear | Villager (Male) |
| 30:38 | Crear | Villager (Male) |
| 30:41 | Investigar | Iron Casting |
| 30:43 | Crear | Camel Scout |
| 30:44 | Crear | Camel Scout |
| 30:44 | Crear | Camel Scout |
| 31:15 | Crear | Camel Scout ×4 |
| 32:05 | Construir | Archery Range |
| 32:31 | Construir | Siege Workshop |
| 32:47 | Investigar | Caravan |
| 32:48 | Crear | Villager (Male) |
| 32:49 | Crear | Villager (Male) |
| 32:49 | Crear | Villager (Male) |
| 32:49 | Crear | Villager (Male) |
| 32:49 | Crear | Villager (Male) |
| 32:50 | Crear | Trade Cart |
| 33:48 | Investigar | Gold Shaft Mining |
| 33:49 | Crear | Villager (Male) |
| 33:49 | Crear | Villager (Male) |
| 33:50 | Crear | Villager (Male) |
| 33:50 | Crear | Villager (Male) |
| 33:58 | Construir | House |
| 33:59 | Construir | House |
| 34:00 | Construir | House |
| 34:02 | Construir | House |
| 34:37 | Construir | Farm |
Build order — 乃口爪乃丹00ⅨⅤ
Primeras 150 de 230 acciones detectadas
| 0:24 | Construir | House |
| 0:25 | Construir | House |
| 0:40 | Crear | Villager (Male) |
| 0:40 | Crear | Villager (Male) |
| 0:41 | Crear | Villager (Male) |
| 0:41 | Crear | Villager (Male) |
| 1:48 | Crear | Villager (Male) |
| 2:29 | Crear | Villager (Male) |
| 2:45 | Crear | Villager (Male) |
| 3:08 | Crear | Villager (Male) |
| 3:21 | Crear | Villager (Male) |
| 4:16 | Crear | Villager (Male) |
| 4:17 | Crear | Villager (Male) |
| 4:24 | Construir | House |
| 4:27 | Construir | House |
| 4:54 | Crear | Villager (Male) |
| 4:55 | Crear | Villager (Male) |
| 5:53 | Construir | Mill |
| 6:34 | Crear | Villager (Male) |
| 6:34 | Crear | Villager (Male) |
| 6:35 | Crear | Villager (Male) |
| 6:37 | Crear | Villager (Male) |
| 6:59 | Crear | Villager (Male) |
| 9:22 | Construir | Lumber Camp |
| 10:05 | Investigar | Feudal Age |
| 11:20 | Construir | Mining Camp |
| 12:10 | Construir | Farm |
| 12:15 | Edad | Edad Feudal |
| 12:15 | Construir | Farm |
| 12:20 | Construir | Farm |
| 12:25 | Construir | Farm |
| 12:31 | Construir | Farm |
| 12:43 | Construir | Farm |
| 12:48 | Construir | Farm |
| 12:55 | Construir | Farm |
| 12:58 | Crear | Villager (Male) |
| 12:58 | Crear | Villager (Male) |
| 12:58 | Crear | Villager (Male) |
| 12:59 | Crear | Villager (Male) |
| 13:35 | Construir | Market |
| 14:44 | Investigar | Horse Collar |
| 14:46 | Investigar | Double-Bit Axe |
| 14:55 | Construir | House |
| 14:56 | Construir | House |
| 14:57 | Construir | House |
| 14:57 | Construir | House |
| 15:08 | Construir | Farm |
| 15:13 | Crear | Villager (Male) |
| 15:13 | Crear | Villager (Male) |
| 15:42 | Construir | Farm |
| 16:01 | Construir | Blacksmith |
| 16:25 | Construir | Farm |
| 16:53 | Construir | Farm |
| 16:59 | Construir | Farm |
| 17:26 | Construir | Farm |
| 19:04 | Investigar | Castle Age |
| 21:44 | Edad | Edad de los Castillos |
| 21:51 | Crear | Villager (Male) |
| 21:51 | Crear | Villager (Male) |
| 21:53 | Crear | Villager (Male) |
| 21:57 | Investigar | Heavy Plow |
| 21:59 | Investigar | Bow Saw |
| 22:29 | Construir | Town Center |
| 22:45 | Crear | Villager (Male) |
| 22:46 | Crear | Villager (Male) |
| 23:45 | Crear | Villager (Male) |
| 23:46 | Crear | Villager (Male) |
| 23:55 | Investigar | Stone Mining |
| 24:23 | Construir | Town Center |
| 24:44 | Crear | Villager (Male) |
| 24:52 | Construir | Mining Camp |
| 25:08 | Investigar | Stone Shaft Mining |
| 25:42 | Crear | Villager (Male) |
| 25:42 | Crear | Villager (Male) |
| 25:42 | Crear | Villager (Male) |
| 25:43 | Crear | Villager (Male) |
| 25:44 | Crear | Villager (Male) |
| 25:44 | Crear | Villager (Male) |
| 25:45 | Crear | Villager (Male) |
| 25:46 | Crear | Villager (Male) |
| 25:46 | Crear | Villager (Male) |
| 25:55 | Investigar | Gold Mining |
| 31:45 | Construir | Lumber Camp |
| 32:08 | Crear | Villager (Male) |
| 32:08 | Crear | Villager (Male) |
| 32:09 | Crear | Villager (Male) |
| 32:09 | Crear | Villager (Male) |
| 32:10 | Crear | Villager (Male) |
| 32:11 | Crear | Villager (Male) |
| 32:42 | Construir | Stone Wall |
| 32:59 | Construir | Mining Camp |
| 33:09 | Construir | University |
| 33:44 | Construir | Farm |
| 33:53 | Construir | Castle |
| 34:12 | Construir | Stone Wall |
| 34:18 | Construir | Stone Wall |
| 35:09 | Investigar | Wheelbarrow |
| 35:15 | Investigar | Padded Archer Armor |
| 35:16 | Investigar | Fletching |
| 35:26 | Investigar | Murder Holes |
| 35:26 | Investigar | Ballistics |
| 35:32 | Investigar | Treadmill Crane |
| 36:13 | Investigar | Tech 1080 |
| 36:51 | Crear | Unit 1968 |
| 36:51 | Crear | Unit 1968 |
| 36:52 | Crear | Unit 1968 |
| 36:53 | Crear | Unit 1968 |
| 37:11 | Investigar | Bodkin Arrow |
| 38:00 | Crear | Unit 1968 |
| 39:02 | Investigar | Hand Cart |
| 39:08 | Investigar | Caravan |
| 39:09 | Crear | Trade Cart |
| 39:09 | Crear | Trade Cart |
| 39:17 | Crear | Villager (Male) |
| 39:17 | Crear | Villager (Male) |
| 39:17 | Crear | Villager (Male) |
| 39:19 | Crear | Villager (Male) |
| 39:43 | Construir | Stone Wall |
| 40:03 | Crear | Unit 1968 |
| 40:03 | Crear | Unit 1968 |
| 40:05 | Crear | Unit 1968 |
| 40:11 | Crear | Villager (Male) |
| 40:12 | Crear | Villager (Male) |
| 40:13 | Crear | Villager (Male) |
| 40:14 | Crear | Villager (Male) |
| 40:14 | Crear | Villager (Male) |
| 40:14 | Crear | Villager (Male) |
| 40:37 | Construir | Stone Wall |
| 40:44 | Construir | Stone Wall |
| 41:16 | Investigar | Leather Archer Armor |
| 41:26 | Construir | Building 490 |
| 41:41 | Crear | Trade Cart |
| 41:42 | Crear | Trade Cart |
| 41:42 | Crear | Trade Cart |
| 41:58 | Crear | Unit 1968 |
| 41:58 | Crear | Unit 1968 |
| 42:11 | Crear | Unit 1968 |
| 42:12 | Crear | Unit 1968 |
| 42:12 | Crear | Unit 1968 |
| 43:15 | Construir | Mining Camp |
| 43:52 | Crear | Trade Cart |
| 43:52 | Crear | Trade Cart |
| 44:16 | Investigar | Gold Shaft Mining |
| 45:15 | Construir | Castle |
| 45:55 | Crear | Villager (Male) |
| 45:56 | Crear | Villager (Male) |
| 45:56 | Crear | Villager (Male) |
| 45:57 | Crear | Villager (Male) |
| 45:57 | Crear | Villager (Male) |
| 45:58 | Crear | Villager (Male) |
Build order — Davidovich
Primeras 150 de 233 acciones detectadas
| 0:03 | Crear | Villager (Male) |
| 0:03 | Investigar | Loom |
| 0:15 | Construir | House |
| 0:37 | Crear | Villager (Male) |
| 0:37 | Crear | Villager (Male) |
| 0:37 | Crear | Villager (Male) |
| 0:38 | Crear | Villager (Male) |
| 0:59 | Construir | House |
| 1:05 | Construir | House |
| 1:34 | Construir | Palisade Wall |
| 1:40 | Construir | Palisade Gate |
| 1:46 | Crear | Villager (Male) |
| 2:27 | Crear | Villager (Male) |
| 3:06 | Crear | Villager (Male) |
| 3:20 | Crear | Villager (Male) |
| 4:18 | Construir | Palisade Wall |
| 4:34 | Construir | Palisade Wall |
| 5:20 | Crear | Villager (Male) |
| 5:20 | Crear | Villager (Male) |
| 5:21 | Crear | Villager (Male) |
| 5:21 | Crear | Villager (Male) |
| 5:21 | Crear | Villager (Male) |
| 6:51 | Construir | Mill |
| 7:01 | Crear | Villager (Male) |
| 7:01 | Crear | Villager (Male) |
| 7:01 | Crear | Villager (Male) |
| 7:17 | Construir | Lumber Camp |
| 7:37 | Construir | Palisade Wall |
| 7:54 | Crear | Villager (Male) |
| 7:54 | Crear | Villager (Male) |
| 7:54 | Crear | Villager (Male) |
| 8:45 | Crear | Villager (Male) |
| 8:45 | Crear | Villager (Male) |
| 9:01 | Construir | Palisade Wall |
| 9:31 | Crear | Villager (Male) |
| 9:31 | Crear | Villager (Male) |
| 9:42 | Construir | House |
| 10:01 | Construir | Palisade Wall |
| 10:35 | Investigar | Feudal Age |
| 10:36 | Crear | Villager (Male) |
| 10:46 | Construir | House |
| 10:51 | Construir | House |
| 12:05 | Construir | Mining Camp |
| 12:23 | Crear | Villager (Male) |
| 12:23 | Crear | Villager (Male) |
| 12:23 | Crear | Villager (Male) |
| 12:34 | Construir | Farm |
| 12:37 | Construir | Farm |
| 12:45 | Edad | Edad Feudal |
| 12:55 | Investigar | Wheelbarrow |
| 12:59 | Investigar | Wheelbarrow |
| 12:59 | Crear | Villager (Male) |
| 13:09 | Investigar | Double-Bit Axe |
| 14:12 | Construir | Palisade Wall |
| 14:43 | Crear | Villager (Male) |
| 14:43 | Crear | Villager (Male) |
| 14:55 | Construir | Watch Tower |
| 15:14 | Construir | Farm |
| 15:18 | Construir | Farm |
| 15:21 | Construir | Farm |
| 15:29 | Construir | Farm |
| 15:33 | Construir | Farm |
| 15:42 | Crear | Villager (Male) |
| 15:48 | Construir | Farm |
| 15:54 | Construir | Farm |
| 15:59 | Construir | Farm |
| 16:03 | Construir | Farm |
| 16:08 | Construir | Farm |
| 16:12 | Construir | Farm |
| 16:28 | Construir | Barracks |
| 16:54 | Investigar | Horse Collar |
| 17:14 | Construir | Blacksmith |
| 17:46 | Construir | Barracks |
| 17:57 | Construir | House |
| 18:07 | Construir | House |
| 18:38 | Crear | Militia |
| 18:38 | Crear | Militia |
| 18:38 | Crear | Militia |
| 18:44 | Investigar | Scale Mail Armor |
| 20:21 | Investigar | Forging |
| 21:16 | Crear | Militia |
| 21:16 | Crear | Militia |
| 21:16 | Crear | Militia |
| 23:04 | Crear | Militia |
| 23:25 | Crear | Villager (Male) |
| 23:25 | Crear | Villager (Male) |
| 23:58 | Crear | Villager (Male) |
| 23:58 | Crear | Villager (Male) |
| 23:58 | Crear | Villager (Male) |
| 24:24 | Construir | Market |
| 24:37 | Crear | Villager (Male) |
| 24:37 | Crear | Villager (Male) |
| 25:11 | Construir | Farm |
| 25:15 | Construir | Farm |
| 25:20 | Construir | Farm |
| 25:24 | Construir | Farm |
| 25:32 | Construir | Farm |
| 25:40 | Crear | Villager (Male) |
| 25:42 | Crear | Villager (Male) |
| 25:49 | Construir | Farm |
| 25:53 | Construir | Farm |
| 25:58 | Construir | Farm |
| 26:05 | Crear | Villager (Male) |
| 26:05 | Crear | Villager (Male) |
| 27:09 | Construir | Farm |
| 27:46 | Investigar | Castle Age |
| 29:06 | Crear | Militia |
| 29:07 | Crear | Militia |
| 29:07 | Crear | Militia |
| 29:07 | Crear | Militia |
| 29:13 | Investigar | Padded Archer Armor |
| 29:46 | Construir | Farm |
| 30:28 | Edad | Edad de los Castillos |
| 30:35 | Construir | Krepost |
| 31:14 | Construir | Krepost |
| 32:53 | Investigar | Hand Cart |
| 34:17 | Construir | Krepost |
| 35:49 | Construir | House |
| 35:52 | Construir | House |
| 36:19 | Crear | Villager (Male) |
| 36:58 | Construir | Farm |
| 37:59 | Investigar | Squires |
| 38:04 | Crear | Villager (Male) |
| 38:04 | Crear | Villager (Male) |
| 38:04 | Crear | Villager (Male) |
| 38:04 | Crear | Villager (Male) |
| 38:14 | Construir | Farm |
| 38:30 | Crear | Villager (Male) |
| 38:31 | Crear | Villager (Male) |
| 38:31 | Crear | Villager (Male) |
| 39:48 | Investigar | Town Watch |
| 39:53 | Crear | Villager (Male) |
| 40:16 | Crear | Villager (Male) |
| 40:16 | Crear | Villager (Male) |
| 40:48 | Crear | Spearman |
| 40:48 | Crear | Spearman |
| 41:04 | Construir | Mining Camp |
| 41:32 | Construir | Blacksmith |
| 41:37 | Crear | Villager (Male) |
| 41:37 | Crear | Villager (Male) |
| 41:38 | Crear | Villager (Male) |
| 41:38 | Crear | Villager (Male) |
| 41:38 | Crear | Villager (Male) |
| 42:07 | Crear | Villager (Male) |
| 42:07 | Crear | Villager (Male) |
| 42:25 | Crear | Villager (Male) |
| 42:25 | Crear | Villager (Male) |
| 42:25 | Crear | Villager (Male) |
| 42:43 | Crear | Villager (Male) |
| 42:43 | Crear | Villager (Male) |
Build order —
Primeras 150 de 230 acciones detectadas
| 0:13 | Construir | House |
| 0:14 | Construir | House |
| 0:19 | Crear | Villager (Male) |
| 0:19 | Crear | Villager (Male) |
| 0:20 | Crear | Villager (Male) |
| 0:46 | Construir | House |
| 1:15 | Crear | Villager (Male) |
| 1:41 | Crear | Villager (Male) |
| 2:14 | Crear | Villager (Male) |
| 2:56 | Crear | Villager (Male) |
| 3:17 | Crear | Villager (Male) |
| 3:31 | Construir | Mill |
| 3:37 | Crear | Villager (Male) |
| 4:21 | Crear | Villager (Male) |
| 4:21 | Crear | Villager (Male) |
| 4:52 | Crear | Villager (Male) |
| 4:53 | Crear | Villager (Male) |
| 4:53 | Crear | Villager (Male) |
| 5:35 | Construir | Palisade Wall |
| 5:44 | Construir | Palisade Wall |
| 6:16 | Crear | Villager (Male) |
| 6:16 | Crear | Villager (Male) |
| 6:42 | Crear | Villager (Male) |
| 6:55 | Construir | House |
| 6:58 | Construir | House |
| 8:31 | Crear | Villager (Male) |
| 9:29 | Construir | Farm |
| 9:44 | Construir | Farm |
| 9:47 | Construir | Farm |
| 9:54 | Construir | Farm |
| 10:12 | Construir | Lumber Camp |
| 10:20 | Construir | Farm |
| 11:02 | Construir | Palisade Wall |
| 11:12 | Construir | Palisade Wall |
| 11:20 | Investigar | Feudal Age |
| 12:34 | Crear | Villager (Male) |
| 12:35 | Crear | Villager (Male) |
| 12:38 | Crear | Villager (Male) |
| 12:57 | Construir | Barracks |
| 13:07 | Construir | Farm |
| 13:19 | Construir | Farm |
| 13:28 | Construir | Farm |
| 13:30 | Edad | Edad Feudal |
| 13:40 | Construir | Farm |
| 14:22 | Construir | Palisade Wall |
| 14:49 | Construir | Farm |
| 14:52 | Construir | Farm |
| 15:07 | Construir | Farm |
| 15:11 | Crear | Villager (Male) |
| 15:11 | Crear | Villager (Male) |
| 15:11 | Crear | Villager (Male) |
| 15:36 | Construir | Watch Tower |
| 15:51 | Construir | Farm |
| 16:13 | Construir | Farm |
| 16:23 | Investigar | Double-Bit Axe |
| 16:31 | Crear | Villager (Male) |
| 16:31 | Crear | Villager (Male) |
| 16:31 | Crear | Villager (Male) |
| 16:31 | Crear | Villager (Male) |
| 17:15 | Construir | House |
| 17:20 | Construir | House |
| 17:32 | Investigar | Horse Collar |
| 17:44 | Crear | Villager (Male) |
| 17:44 | Crear | Villager (Male) |
| 18:01 | Construir | House |
| 18:03 | Construir | House |
| 18:08 | Construir | House |
| 18:09 | Construir | House |
| 18:49 | Crear | Villager (Male) |
| 18:49 | Crear | Villager (Male) |
| 19:08 | Construir | Stable |
| 19:21 | Crear | Villager (Male) |
| 19:21 | Crear | Villager (Male) |
| 20:10 | Construir | Stable |
| 20:18 | Investigar | Bloodlines |
| 20:25 | Crear | Villager (Male) |
| 20:25 | Crear | Villager (Male) |
| 20:26 | Crear | Villager (Male) |
| 20:26 | Crear | Villager (Male) |
| 21:03 | Crear | Scout Cavalry |
| 21:03 | Crear | Scout Cavalry |
| 21:03 | Crear | Scout Cavalry |
| 21:04 | Crear | Scout Cavalry |
| 21:04 | Crear | Scout Cavalry |
| 21:04 | Crear | Scout Cavalry |
| 21:05 | Crear | Scout Cavalry |
| 21:16 | Construir | Blacksmith |
| 22:00 | Investigar | Scale Barding Armor |
| 22:19 | Construir | Market |
| 22:34 | Construir | Farm |
| 22:38 | Construir | Farm |
| 22:42 | Construir | Farm |
| 22:45 | Construir | Farm |
| 22:49 | Construir | Farm |
| 22:52 | Crear | Villager (Male) |
| 22:52 | Crear | Villager (Male) |
| 22:52 | Crear | Villager (Male) |
| 23:01 | Crear | Scout Cavalry |
| 23:02 | Crear | Scout Cavalry |
| 23:02 | Crear | Scout Cavalry |
| 23:03 | Crear | Scout Cavalry |
| 23:08 | Crear | Scout Cavalry |
| 23:09 | Crear | Scout Cavalry |
| 23:26 | Crear | Trade Cart |
| 23:56 | Construir | Mining Camp |
| 24:04 | Construir | Mining Camp |
| 24:12 | Crear | Villager (Male) |
| 24:13 | Crear | Villager (Male) |
| 24:13 | Crear | Villager (Male) |
| 24:32 | Crear | Scout Cavalry |
| 24:32 | Crear | Scout Cavalry |
| 24:32 | Crear | Scout Cavalry |
| 24:42 | Construir | House |
| 24:45 | Construir | House |
| 24:46 | Construir | House |
| 24:49 | Construir | House |
| 24:51 | Construir | House |
| 24:59 | Investigar | Gold Mining |
| 25:05 | Investigar | Stone Mining |
| 25:18 | Crear | Scout Cavalry |
| 25:18 | Crear | Scout Cavalry |
| 25:18 | Crear | Scout Cavalry |
| 25:20 | Crear | Scout Cavalry |
| 25:45 | Crear | Villager (Male) |
| 25:45 | Crear | Villager (Male) |
| 26:59 | Investigar | Forging |
| 29:05 | Investigar | Castle Age |
| 31:45 | Edad | Edad de los Castillos |
| 31:57 | Investigar | Husbandry |
| 31:58 | Crear | Knight |
| 31:58 | Crear | Knight |
| 31:59 | Crear | Knight |
| 31:59 | Crear | Knight |
| 32:35 | Investigar | Squires |
| 32:36 | Investigar | Pikeman (upgrade) |
| 33:11 | Crear | Trade Cart |
| 33:11 | Crear | Trade Cart |
| 33:11 | Crear | Trade Cart |
| 33:27 | Crear | Villager (Male) |
| 33:27 | Crear | Villager (Male) |
| 33:27 | Crear | Villager (Male) |
| 33:28 | Crear | Villager (Male) |
| 33:28 | Crear | Villager (Male) |
| 33:47 | Construir | University |
| 33:53 | Investigar | Heavy Plow |
| 33:58 | Investigar | Bow Saw |
| 34:17 | Crear | Spearman |
| 34:17 | Crear | Spearman |
| 34:17 | Crear | Spearman |
| 34:18 | Crear | Spearman |
Build order — djermarley
Primeras 150 de 163 acciones detectadas
| 0:12 | Construir | House |
| 0:13 | Construir | House |
| 0:15 | Construir | House |
| 0:17 | Construir | House |
| 0:19 | Construir | House |
| 0:23 | Crear | Villager (Male) ×4 |
| 1:57 | Crear | Villager (Male) |
| 1:57 | Crear | Villager (Male) |
| 2:54 | Crear | Villager (Male) ×2 |
| 3:07 | Crear | Villager (Male) |
| 3:37 | Crear | Villager (Male) |
| 4:37 | Crear | Villager (Male) |
| 4:37 | Crear | Villager (Male) |
| 5:03 | Crear | Villager (Male) ×4 |
| 7:55 | Crear | Villager (Male) ×9 |
| 8:37 | Construir | Mill |
| 10:33 | Construir | Lumber Camp |
| 10:54 | Crear | Villager (Male) |
| 12:24 | Investigar | Feudal Age |
| 12:34 | Construir | Farm |
| 12:36 | Construir | Farm |
| 12:37 | Construir | Farm |
| 12:38 | Construir | Farm |
| 12:40 | Construir | Farm |
| 12:41 | Construir | Farm |
| 12:42 | Construir | Farm |
| 12:44 | Construir | Farm |
| 12:45 | Construir | Farm |
| 12:46 | Construir | Farm |
| 12:48 | Construir | Farm |
| 12:50 | Construir | Farm |
| 14:01 | Crear | Villager (Male) ×5 |
| 14:49 | Construir | Barracks |
| 14:56 | Construir | Barracks |
| 15:11 | Construir | Blacksmith |
| 15:20 | Construir | Mining Camp |
| 15:22 | Investigar | Double-Bit Axe |
| 15:25 | Investigar | Horse Collar |
| 15:37 | Crear | Villager (Male) |
| 16:02 | Construir | House |
| 16:08 | Construir | House |
| 16:11 | Construir | House |
| 16:14 | Construir | House |
| 16:28 | Investigar | Man-at-Arms (upgrade) |
| 17:09 | Crear | Militia ×3 |
| 17:26 | Investigar | Gold Mining |
| 17:30 | Crear | Villager (Male) |
| 17:31 | Crear | Villager (Male) |
| 17:56 | Construir | Market |
| 18:07 | Construir | Barracks |
| 18:13 | Crear | Militia ×3 |
| 18:30 | Investigar | Forging |
| 18:32 | Investigar | Scale Mail Armor |
| 19:14 | Crear | Militia ×3 |
| 20:10 | Crear | Militia ×4 |
| 22:06 | Crear | Militia ×9 |
| 22:26 | Crear | Villager (Male) |
| 22:27 | Crear | Villager (Male) |
| 23:23 | Crear | Villager (Male) ×6 |
| 23:23 | Crear | Villager (Male) |
| 24:03 | Construir | Stone Wall |
| 24:52 | Construir | House |
| 24:54 | Construir | House |
| 24:57 | Construir | House |
| 25:00 | Construir | House |
| 26:16 | Investigar | Castle Age |
| 26:49 | Crear | Militia ×4 |
| 26:55 | Crear | Militia |
| 27:30 | Crear | Militia ×4 |
| 27:30 | Crear | Militia ×4 |
| 27:39 | Crear | Militia |
| 27:41 | Crear | Militia |
| 28:30 | Crear | Militia ×5 |
| 28:31 | Crear | Militia |
| 29:05 | Investigar | Long Swordsman (upgrade) |
| 29:46 | Construir | Barracks |
| 30:42 | Crear | Spearman ×5 |
| 30:43 | Crear | Spearman ×5 |
| 30:55 | Crear | Villager (Male) ×3 |
| 31:48 | Investigar | Gold Shaft Mining |
| 31:59 | Construir | Mining Camp |
| 32:04 | Crear | Villager (Male) |
| 32:04 | Crear | Villager (Male) |
| 32:20 | Construir | Farm |
| 32:22 | Construir | Farm |
| 32:24 | Construir | Farm |
| 32:27 | Construir | Farm |
| 33:13 | Investigar | Stone Mining |
| 33:54 | Investigar | Squires |
| 34:05 | Construir | Farm |
| 34:07 | Construir | Farm |
| 34:08 | Construir | Farm |
| 34:12 | Construir | Farm |
| 34:45 | Crear | Militia ×5 |
| 34:47 | Crear | Militia |
| 35:33 | Construir | Siege Workshop |
| 35:37 | Construir | Siege Workshop |
| 35:42 | Construir | Siege Workshop |
| 36:05 | Construir | Lumber Camp |
| 36:11 | Investigar | Bow Saw |
| 36:15 | Investigar | Heavy Plow |
| 36:21 | Investigar | Wheelbarrow |
| 36:35 | Crear | Scorpion |
| 36:36 | Crear | Scorpion |
| 36:36 | Crear | Scorpion |
| 36:36 | Crear | Scorpion |
| 36:38 | Crear | Scorpion |
| 36:38 | Crear | Scorpion |
| 36:47 | Crear | Militia ×6 |
| 36:47 | Crear | Militia ×5 |
| 37:47 | Construir | House |
| 37:48 | Construir | House |
| 37:50 | Construir | House |
| 37:51 | Construir | House |
| 37:52 | Construir | House |
| 37:53 | Construir | House |
| 37:54 | Construir | House |
| 37:57 | Construir | House |
| 37:57 | Construir | House |
| 38:05 | Crear | Scorpion ×5 |
| 38:07 | Crear | Scorpion ×5 |
| 41:22 | Crear | Militia ×15 |
| 41:23 | Crear | Militia ×5 |
| 41:56 | Construir | Castle |
| 43:06 | Crear | Scorpion ×5 |
| 43:06 | Crear | Scorpion ×5 |
| 43:09 | Crear | Scorpion ×5 |
| 43:25 | Investigar | Ballistas |
| 45:05 | Investigar | Imperial Age |
| 46:13 | Investigar | Hand Cart |
| 48:29 | Investigar | Heavy Scorpion (upgrade) |
| 48:33 | Investigar | Conscription |
| 48:38 | Investigar | Legionary (upgrade) |
| 49:10 | Construir | Lumber Camp |
| 49:20 | Investigar | Crop Rotation |
| 49:26 | Crear | Villager (Male) ×15 |
| 49:26 | Crear | Villager (Male) ×5 |
| 49:52 | Construir | Town Center |
| 50:20 | Construir | University |
| 50:29 | Construir | Mining Camp |
| 50:36 | Crear | Militia ×15 |
| 50:37 | Crear | Militia ×5 |
| 50:38 | Crear | Militia |
| 50:38 | Crear | Militia |
| 51:23 | Investigar | Fortified Wall (upgrade) |
| 52:39 | Investigar | Chemistry |
| 52:52 | Construir | Mining Camp |
| 53:11 | Crear | Scorpion ×5 |
| 53:12 | Crear | Scorpion ×4 |
| 53:20 | Crear | Militia ×15 |
Cronología de la partida
| 1:34 | Davidovich · wall_segment Palisade Wall x1 |
| 4:18 | Davidovich · wall_segment Palisade Wall x28 |
| 4:34 | Davidovich · wall_segment Palisade Wall x11 |
| 5:35 | · wall_segment Palisade Wall x2 |
| 5:44 | · wall_segment Palisade Wall x20 |
| 7:37 | Davidovich · wall_segment Palisade Wall x20 |
| 9:01 | Davidovich · wall_segment Palisade Wall x4 |
| 9:12 | s2e1 · first_building Barracks |
| 10:01 | Davidovich · wall_segment Palisade Wall x7 |
| 10:28 | Vedro · first_building Donjon |
| 11:02 | · wall_segment Palisade Wall x8 |
| 11:05 | s2e1 · age_up feudal |
| 11:12 | · wall_segment Palisade Wall x1 |
| 12:15 | 乃口爪乃丹00ⅨⅤ · age_up feudal |
| 12:45 | Davidovich · age_up feudal |
| 12:57 | · first_building Barracks |
| 13:30 | · age_up feudal |
| 13:42 | Vedro · age_up feudal |
| 14:12 | Davidovich · wall_segment Palisade Wall x6 |
| 14:22 | · wall_segment Palisade Wall x4 |
| 14:43 | s2e1 · wall_segment Stone Wall x5 |
| 14:49 | djermarley · first_building Barracks |
| 15:18 | s2e1 · first_building Stable |
| 16:28 | Davidovich · first_building Barracks |
| 19:03 | s2e1 · age_up castle |
| 19:08 | · first_building Stable |
| 20:48 | s2e1 · first_building Monastery |
| 21:31 | s2e1 · first_market_buy 100 food |
| 21:44 | 乃口爪乃丹00ⅨⅤ · age_up castle |
| 23:08 | Vedro · first_building Barracks |
| 23:11 | Vedro · first_building Archery Range |
| 23:43 | s2e1 · first_market_sell 100 wood |
| 24:03 | djermarley · wall_segment Stone Wall x28 |
| 24:12 | Vedro · first_market_sell 100 wood |
| 24:14 | Vedro · first_market_buy 100 food |
| 24:57 | s2e1 · first_building Castle |
| 27:53 | Vedro · age_up castle |
| 30:28 | Davidovich · age_up castle |
| 30:35 | Davidovich · first_building Krepost |
| 31:45 | · age_up castle |
| 32:05 | s2e1 · first_building Archery Range |
| 32:31 | s2e1 · first_building Siege Workshop |
| 32:42 | 乃口爪乃丹00ⅨⅤ · wall_segment Stone Wall x1 |
| 33:53 | 乃口爪乃丹00ⅨⅤ · first_building Castle |
| 34:12 | 乃口爪乃丹00ⅨⅤ · wall_segment Stone Wall x3 |
| 34:18 | 乃口爪乃丹00ⅨⅤ · wall_segment Stone Wall x15 |
| 35:33 | djermarley · first_building Siege Workshop |
| 35:37 | · first_building Monastery |
| 35:45 | Vedro · first_building Castle |
| 36:36 | · wall_segment Stone Wall x18 |
| 38:21 | · wall_segment Stone Wall x1 |
| 39:43 | 乃口爪乃丹00ⅨⅤ · wall_segment Stone Wall x13 |
| 40:37 | 乃口爪乃丹00ⅨⅤ · wall_segment Stone Wall x5 |
| 40:44 | 乃口爪乃丹00ⅨⅤ · wall_segment Stone Wall x26 |
| 41:04 | s2e1 · age_up imperial |
| 41:18 | · age_up imperial |
| 41:35 | · first_building Castle |
| 41:56 | djermarley · first_building Castle |
| 42:04 | 乃口爪乃丹00ⅨⅤ · first_market_sell 100 food |
| 45:04 | Vedro · age_up imperial |
| 46:20 | Davidovich · first_market_sell 100 food |
| 48:24 | · wall_segment Stone Wall x40 |
| 49:32 | · wall_segment Stone Wall x5 |
| 49:42 | Davidovich · age_up imperial |
| 50:29 | · wall_segment Palisade Wall x4 |
| 50:36 | Davidovich · wall_segment Stone Wall x1 |
| 50:49 | Davidovich · wall_segment Stone Wall x1 |
| 51:26 | · first_building Siege Workshop |
| 52:10 | · wall_segment Palisade Wall x30 |
| 53:01 | djermarley · first_market_sell 100 stone |
| 53:28 | · wall_segment Palisade Wall x2 |
| 54:35 | · first_market_buy 100 stone |
| 55:14 | Davidovich · wall_segment Stone Wall x1 |
| 57:16 | Vedro · resign |
| 60:00 | · first_market_sell 100 wood |
[ ANÁLISIS IA · 1 CRÉDITO ]
¿Qué pasó realmente en esta partida?
Wolo.gg analiza cada decisión: build order, eco, micro, errores típicos por bracket. Análisis personalizado por WhatsApp o Discord en 30 segundos.
Guía civ
Sicilianos
Guía mapa
Fortified Clearing
Perfil
Vedro